 Dungeon Crawl Stone Soup version 0.28.0-53-g5a82cb258f (webtiles) character file.

Game seed: 14300834630680475249

16 Descartes the Skirmisher (level 2, 0/17 HPs)
             Began as a Vine Stalker Wanderer on May 21, 2022.
             Slain by a black bear (1 damage)
             ... on level 2 of the Dungeon.
             The game lasted 00:01:15 (1408 turns).

Descartes the Skirmisher (Vine Stalker Wanderer)    Turns: 1408, Time: 00:01:16

Health: 0/17       AC:  3    Str: 14    XL:     2   Next: 58%
Magic:  0/4        EV: 11    Int: 12    God:
Gold:   21         SH:  0    Dex: 13    Spells: 2/3 levels left

rFire   . . .      SeeInvis .   a - +0 dagger
rCold   + . .      Faith    .   (no shield)
rNeg    . . .      Spirit   +   d - +0 leather armour
rPois   .          Reflect  .   (no helmet)
rElec   .          Harm     .   (no cloak)
rCorr   .          Rampage  .   (no gloves)
Will    .....                   (no boots)
Stlth   +.........              (no amulet)
HPRegen 0.05/turn               k - ring of protection from cold
MPRegen 0.09/turn               (no ring)

@: no status effects
A: fangs 2, magic shield, antimagic bite, no potion heal 2
a: no special abilities


You were on level 2 of the Dungeon.
You visited 1 branch of the dungeon, and saw 2 of its levels.

You collected 21 gold pieces.

Inventory:

Hand Weapons
 a - a +0 dagger (weapon)
Missiles
 b - 11 poisoned darts (quivered)
 n - 3 stones
Armour
 d - a +0 leather armour (worn)
Jewellery
 k - a ring of protection from cold (left hand)
 l - an amulet of reflection
Scrolls
 e - a scroll of immolation {unknown}
 g - a scroll of fog {unknown}
 i - 2 scrolls of amnesia {unknown}
 j - a scroll of vulnerability {unknown}
 o - a scroll of teleportation {unknown}
Potions
 c - a potion of attraction
 f - a potion of haste {unknown}
 h - a potion of ambrosia {unknown}
 m - a potion of mutation {unknown}


   Skills:
 + Level 3.9 Fighting
 + Level 1.2 Short Blades
 - Level 1.7 Throwing
 - Level 1.1 Spellcasting
 - Level 3.0 Ice Magic


You had 2 spell levels left.
You knew the following spells:

 Your Spells              Type           Power      Damage    Failure   Level
a - Freeze                Ice            28%        1d5       11%         1

Your spell library contained the following spells:

 Spells                   Type           Power      Damage    Failure   Level
 Ozocubu's Armour         Ice            7%         N/A       32%         3
 Summon Ice Beast         Ice/Summ       4%         N/A       90%         4


Dungeon Overview and Level Annotations

Branches:
Dungeon (2/15)

Altars:


Innate Abilities, Weirdness & Mutations

You have extremely sharp teeth.
When hurt, damage is shared between your health and your magic reserves.
Your bite disrupts and absorbs the magic of your enemies.
Potions cannot restore your health.


Message History

No target in view!
No target in view!
No target in view!
No target in view!
HP restored.
o - a scroll labelled FASIH MEKAFOF
Found a stone staircase leading down.
i - 2 scrolls labelled MAJOPR TURIBOEB (gained 1) As you open the door, it creaks loudly!
A frilled lizard and a black bear come into view.
The black bear growls angrily.
The frilled lizard hisses angrily.
There is an open door here.
You hit the frilled lizard.
You kill the frilled lizard!
The black bear barely misses you. The black bear closely misses you.
The black bear barely misses you.
You hit the black bear but do no damage.
You bite the black bear, but do no damage.
A quokka comes into view.
The black bear bites you. The black bear claws you. x2
You closely miss the black bear. The black bear closely misses you.
The black bear claws you. x2
You barely miss the black bear. You bite the black bear. You drain its power.
You feel invigorated.
The black bear is lightly wounded.
The black bear bites you but does no damage.
The black bear claws you.
The black bear claws you but does no damage.
You hit the black bear. Your bite misses the black bear.
The black bear is moderately wounded.
The black bear bites you.
* * * LOW HITPOINT WARNING * * *
The black bear completely misses you. The black bear claws you.
* * * LOW HITPOINT WARNING * * *
You hit the black bear.
The black bear is moderately wounded.
The black bear bites you.
* * * LOW HITPOINT WARNING * * *
The black bear misses you. The black bear claws you.
You die...

...............
..............
.............
#...........
####...........
...............
#r# #h# #@# #.#
#.# #.# #.# #.#
#.# #.# #.#


You could see a black bear and a quokka.

Vanquished Creatures
  A dart slug (D:1)
  2 giant cockroaches (D:1)
  2 hobgoblins (D:1)
  2 kobolds (D:1)
  A ball python (D:1)
  4 bats
  A frilled lizard (D:2)
  2 rats
15 creatures vanquished.

Notes
Turn   | Place    | Note
-------+----------+-------------------------------------------
     0 | D:1      | Descartes the Vine Stalker Wanderer began the quest for the
                  | Orb.
     0 | D:1      | Descartes set off with the following items: a +0 dagger, 8
                  | poisoned darts, a potion of attraction, a +0 leather
                  | armour; and the following spell memorised: Freeze; and the
                  | following spells available to memorise: Ozocubu's Armour,
                  | Summon Ice Beast
     0 | D:1      | Reached XP level 1. HP: 12/12 MP: 3/3
   264 | D:1      | Reached XP level 2. HP: 17/17 MP: 2/4
   356 | D:1      | Reached skill level 1 in Short Blades
  1155 | D:1      | You fall into a shaft and drop 1 floor!
  1397 | D:2      | Noticed a black bear
  1408 | D:2      | Slain by a black bear

Illustrated notes

Levels and vault maps discovered:
D:1:      sevenhm_arrival_forest_fort_large_3, layout_basic,
          hellmonk_ecumenical_altar_pennies_from_heaven
D:2:      layout_basic, uniq_sigmund

Skill      XL: |  1  2 |
---------------+-------+-----
Short Blades   | 1 |  1.2
Fighting       | |  3.9
Throwing       | |  1.7
Spellcasting   | |  1.1
Ice Magic      | |  3.0

Action                   || total
-------------------------++-------
Melee: Dagger            ||    72
       Bite              ||    12
       Punch             ||     2
Armor: Leather armour    ||    23
Dodge: Dodged            ||    66
